 Dungeon Crawl Stone Soup version 0.19-a0-645-gfd18b6f (webtiles) character file.

1324 HarleyM the Basher (level 8, -6/78 HPs)
             Began as an Ogre Berserker on June 15, 2016.
             Was a Priest of Trog.
             Mangled by Sigmund
             ... wielding a +0 scythe
              (7 damage)
             ... on level 5 of the Dungeon.
             The game lasted 00:09:35 (4554 turns).

HarleyM the Basher (Ogre Berserker)                 Turns: 4554, Time: 00:09:36

Health: -6/78      AC:  4    Str: 23    XL:     8   Next: 60%
Magic:  8/8        EV:  7    Int:  6    God:    Trog [***...]
Gold:   206        SH:  7    Dex: 11    Spells: 0 memorised, 7 levels left

rFire  . . .     SeeInvis .     i - +1 whip (venom)
rCold  . . .     Gourm    .     b - +0 animal skin
rNeg   . . .     Faith    .     q - +0 shield
rPois  .         Spirit   .     (helmet restricted)
rElec  .         Dismiss  .     n - +0 cloak
rCorr  .         Reflect  .     (gloves unavailable)
SustAt .         Harm     .     (boots unavailable)
MR     .....                    (no amulet)
Stlth  ++........               (no ring)
                                h - ring of stealth

@: exhausted, slowed, very slow, not resistant to hostile enchantments,
unstealthy
A: unfitting armour, tough skin 1
a: Berserk, Trog's Hand, Burn Spellbooks, Renounce Religion


You were on level 5 of the Dungeon.
You worshipped Trog.
Trog was most pleased with you.
You were hungry.

You visited 1 branch of the dungeon, and saw 5 of its levels.

You collected 206 gold pieces.

Inventory:

Hand Weapons
 a - a +0 mace
 i - a +1 whip of venom (weapon)
Missiles
 s - 3 tomahawks (quivered)
Armour
 b - a +0 animal skin (worn)
 n - a +0 cloak (worn)
 q - a +0 shield (worn)
Jewellery
 h - a ring of stealth (left hand)
Wands
 o - a wand of paralysis (10/24)
 t - a wand of polymorph (7/24)
Scrolls
 e - 2 scrolls of identify
 f - a scroll of fog
 g - a scroll of fear
 p - 3 scrolls of remove curse
 r - a scroll of magic mapping {unknown}
 u - a scroll of vulnerability {unknown}
Potions
 d - 3 potions of curing
 j - 5 potions of degeneration {unknown}
 k - a potion of cure mutation {unknown}
 l - a potion of agility
Comestibles
 c - 5 bread rations
 m - 3 fruits


   Skills:
 - Level 4.0 Fighting
 + Level 13.3 Maces & Flails
 - Level 2.6 Dodging


You had 7 spell levels left.
You didn't know any spells.

Dungeon Overview and Level Annotations

Branches:
Dungeon (5/15)
 Temple: D:4-7

Altars:
Cheibriados
Elyvilon
Ru
Sif Muna
Vehumet
The Shining One

Annotations:
D:5 Sigmund


Innate Abilities, Weirdness & Mutations

You are too large for most types of armour.
You have tough skin. (AC +1)


Message History

Sigmund completely misses you.
The worker ant closely misses the freed slave.
The freed slave barely misses the quokka skeleton.
You feel a strong urge to attack something.
You are no longer berserk.
You are exhausted.
You feel yourself slow down.
You are feeling hungry.
The freed slave hits something!
Something closely misses the freed slave.
Sigmund gestures at you while chanting. The magic dart hits you!
* * * LOW HITPOINT WARNING * * *
Sigmund gestures at you while chanting. The magic dart hits you!
* * * LOW HITPOINT WARNING * * *
You block Sigmund's attack. Sigmund says, "I'm your fate."
Sigmund hits you from afar with a scythe!
You die...

....# ..# ### ..(<#...#
..#.#.#.#...# #.#.#.......#
#.#..)..##### #.###..#....#
#######....<...##.#
...........[...>#.#
###...@.........#
#....####.#.### #... #.@#.##
#.#.# #... ##..#..###.#.#
#... ##..###..##...# #...
##..## ##..##..####.# #...
##..##...##..#.......#
#...##..##..⌠..+#..#.#######
#.#...##..⌠.⌠..##......)..#


You could see Sigmund.

Vanquished Creatures
  Pikel (D:5)
  The ghost of Phenom the Chucker, an amateur MiHu (D:4)
  Duvessa (D:4)
  A phantom (D:4)
  A slave (D:5)
  A centaur (D:5)
  Dowan (D:4)
  A scorpion (D:4)
  A howler monkey (D:4)
  An orc priest (D:4)
  Ijyb (D:3)
  Terence (D:2)
  A worker ant (D:4)
  An adder (D:4)
  A shadow imp (D:5)
  An ooze (D:3)
  2 worms (D:3)
  2 dart slugs
  2 giant geckos
  9 orcs
  6 giant cockroaches
  10 goblins
  5 hobgoblins
  7 jackals
  7 kobolds
  A quokka (D:2)
  2 ball pythons
  9 bats
  4 giant newts
  8 rats
90 creatures vanquished.

Vanquished Creatures (others)
  A worker ant (D:5)
  A quokka skeleton (D:5)
2 creatures vanquished.

Grand Total: 92 creatures vanquished

Notes
Turn   | Place    | Note
--------------------------------------------------------------
     0 | D:1      | HarleyM the Ogre Berserker began the quest for the Orb.
     0 | D:1      | Reached XP level 1. HP: 24/24 MP: 1/1
   242 | D:1      | Reached XP level 2. HP: 32/32 MP: 2/2
   387 | D:1      | Reached skill level 5 in Maces & Flails
   931 | D:1      | Reached XP level 3. HP: 39/39 MP: 3/3
  1033 | D:1      | Reached ** piety under Trog
  1177 | D:2      | Noticed Terence
  1181 | D:2      | Killed Terence
  1181 | D:2      | Reached skill level 6 in Maces & Flails
  1216 | D:2      | Reached XP level 4. HP: 48/48 MP: 4/4
  1225 | D:2      | Found a snail-covered altar of Cheibriados.
  1908 | D:3      | Noticed Ijyb
  1916 | D:3      | Paralysed by Ijyb for 6 turns
  1925 | D:3      | Killed Ijyb
  1925 | D:3      | Reached skill level 7 in Maces & Flails
  2094 | D:3      | Reached XP level 5. HP: 49/54 MP: 5/5
  2537 | D:3      | Found a radiant altar of Vehumet.
  2537 | D:3      | Found a white marble altar of Elyvilon.
  2538 | D:3      | Found a sacrificial altar of Ru.
  2563 | D:3      | Reached *** piety under Trog
  2670 | D:4      | Reached skill level 8 in Maces & Flails
  3077 | D:4      | Noticed Phenom's ghost (amateur MiHu)
  3099 | D:4      | Killed Phenom's ghost
  3099 | D:4      | Reached skill level 9 in Maces & Flails
  3099 | D:4      | Reached XP level 6. HP: 59/62 MP: 6/6
  3472 | D:4      | Reached skill level 10 in Maces & Flails
  3472 | D:4      | Reached XP level 7. HP: 66/70 MP: 7/7
  3879 | D:4      | Noticed Duvessa
  3885 | D:4      | Noticed Dowan
  3900 | D:4      | Killed Duvessa
  3900 | D:4      | Reached skill level 11 in Maces & Flails
  3904 | D:4      | Killed Dowan
  4356 | D:4      | Found a deep blue altar of Sif Muna.
  4386 | D:5      | Entered Level 5 of the Dungeon
  4414 | D:5      | Found a glowing golden altar of the Shining One.
  4529 | D:5      | Noticed Pikel
  4535 | D:5      | Noticed Sigmund
  4544 | D:5      | Killed Pikel
  4544 | D:5      | Reached skill level 13 in Maces & Flails
  4544 | D:5      | Reached XP level 8. HP: 18/78 MP: 8/8
  4552 | D:5      | HP: 1/78 [Sigmund/magic dart (10)]
  4554 | D:5      | Mangled by Sigmund

Vault maps used:
D:1:      enne_arrival_octagon_isle
D:2:      kennysheep_slug_shrine, uniq_terence
D:3:      gammafunk_temple_overflow_claw, uniq_iyjb
D:4:      lemuel_blue_sif_altar, first_bread, uniq_duvessa
D:5:      minmay_temple_entry_statues, tso_metal_star, uniq_edmund, uniq_pikel,
          uniq_sigmund

Skill      XL: |  1  2  3  4  5  6  7 |
---------------+----------------------+-----
Maces & Flails | 5 6 7 9 10 13 | 13.3
Fighting       | |  4.0
Dodging        | |  2.6

Action                   |  1- 3 |  4- 6 |  7- 9 || total
-------------------------+-------+-------+-------++-------
Melee: Mace              |    65 |       |       ||    65
       Whip              |    33 |   180 |   109 ||   322
Invok: Berserk           |     1 |     3 |     2 ||     6
  Use: Scroll            |       |     4 |       ||     4
 Stab: Sleeping          |       |     1 |       ||     1
  Eat: Chunk             |     2 |     9 |     1 ||    12
       Meat ration       |       |       |     1 ||     1
Armor: Animal skin       |    31 |    34 |    13 ||    78
Dodge: Dodged            |    52 |    50 |    14 ||   116
Block: Shield            |       |    21 |    21 ||    42
